 Dungeon Crawl Stone Soup version 0.31-a0-740-g87205ac768 (webtiles) character file.

Game seed: 3118383626418804416

124 LeprechaunX the Changeling (level 5, -1/34 HPs)
             Began as an Octopode Shapeshifter on Sept 12, 2023.
             Slain by Sigmund
             ... wielding a +0 scythe
              (10 damage)
             ... on level 3 of the Dungeon.
             The game lasted 00:02:12 (2203 turns).

LeprechaunX the Changeling (Octopode Shapeshifter)  Turns: 2203, Time: 00:02:13

Health: -1/34      AC:  1    Str: 15    XL:     5   Next: 8%
Magic:  5/5        EV: 14    Int: 13    God:
Gold:   209        SH:  0    Dex: 17    Spells: 4/4 levels left

rFire   + .          .
                       - Unarmed
rCold   . . .        (no shield)
rNeg    . . .        (helmet currently unavailable)
rPois   .            (no amulet)
rElec   .            d - ring of protection from fire
rCorr   .            i - ring of flight
SInv    .            s - +6 ring of dexterity
Will    +....        t - ring of willpower
Stlth   +++          (no ring)
HPRegen 0.25/turn    (no ring)
MPRegen 0.09/turn    (no ring)
                     (no ring)

%: no passive effects
@: beast-form, flying
A: beast (slay +2), almost no armour, amphibious, 8 rings, camouflage 1,
gelatinous body 1, (nimble swimmer 1), tentacles
a: Begin Untransformation


You were on level 3 of the Dungeon.
You were a hulking beast.
You visited 1 branch of the dungeon, and saw 3 of its levels.

You collected 209 gold pieces.

Inventory:

Missiles
 w - 3 atropa-tipped darts (quivered)
Jewellery
 d - a ring of protection from fire (left tentacle)
 i - a ring of flight (right tentacle)
 s - a +6 ring of dexterity (on tentacle)
 t - a ring of willpower (on tentacle)
Talismans
 b - a beast talisman (active)
 c - a flux talisman
Scrolls
 f - a scroll of fog {unknown}
 h - a scroll of teleportation {unknown}
 j - 2 scrolls of fear {unknown}
 l - 2 scrolls of identify {unknown}
 m - a scroll of revelation {unknown}
 n - a scroll of poison {unknown}
 o - a scroll of amnesia {unknown}
 p - a scroll of brand weapon {unknown}
 q - 2 scrolls of immolation {unknown}
 r - 2 scrolls of enchant weapon {unknown}
Potions
 a - 3 potions of lignification
 e - 2 potions of heal wounds {unknown}
 g - a potion of attraction {unknown}
 k - a potion of ambrosia {unknown}
 u - 4 potions of degeneration {unknown}
 v - a potion of invisibility {unknown}


   Skills:
 + Level 2.1 Fighting
 + Level 2.8 Dodging
 + Level 3.6 Unarmed Combat
 * Level 4.0 Shapeshifting


You had 4 spell levels left.
You didn't know any spells.
Your spell library contained the following spells:

 Spells                   Type           Power      Damage    Failure   Level
 Freeze                   Ice            0%         1d3       30%         1
 Summon Small Mammal      Summ           0%         N/A       30%         1
 Call Canine Familiar     Summ           0%         N/A       67%         3
 Frozen Ramparts          Ice            0%         1d1       67%         3
 Hailstorm                Conj/Ice       0%         3d3       67%         3
 Summon Guardian Golem    Hex/Summ       0%         N/A       67%         3


Dungeon Overview and Level Annotations

Branches:
Dungeon (3/15)

Altars:
Uskayaw

Annotations:
D:3 Sigmund


Innate Abilities, Weirdness & Mutations

You are a hulking beast.
Your limbs bulge with bestial killing power. (Slay +2)
You cannot wear most types of armour.
You are amphibious.
You can wear up to eight rings at the same time.
Your skin changes colour to match your surroundings (Stealth+).
Your rubbery body absorbs attacks. (AC +1, EV +1)
((You are camouflaged when in or above water. (Stealth+)))
You have tentacles for arms and can constrict up to eight enemies at once.


Message History

Aim: a gnoll, wielding a +0 halberd (64% to hit, chance to blind on hit: 100%)
You throw an atropa-tipped dart. The atropa-tipped dart hits the gnoll.
The gnoll appears confused.
The gnoll shouts!
The gnoll barely misses itself.
The gnoll seems less confused.
You start waiting.
A gnoll is nearby! 2 gnolls come into view.
The gnoll shouts!
The gnoll hits you with a +0 flail! The gnoll closely misses you.
The gnoll shouts!
You tentacle-slap the gnoll. You grab the gnoll.
The gnoll is lightly wounded.
You constrict the gnoll, but do no damage.
The gnoll misses you. Sigmund completely misses you.
The gnoll barely misses you.
You tentacle-slap the gnoll.
The gnoll is moderately wounded.
You constrict the gnoll. The gnoll hits you with a +0 flail!
The gnoll closely misses you.
You tentacle-slap the gnoll. You squeeze the gnoll.
You kill the gnoll!
Sigmund mumbles some strange words.
Sigmund flickers and vanishes!
Deactivating autopickup; reactivate with Ctrl-A.
The gnoll hits you with a +0 flail!
* * * LOW HITPOINT WARNING * * *
You have reached level 5!
You feel clever.
The gnoll throws a throwing net.
The throwing net hits you.
You become entangled in the net!
You see here a throwing net.
Unknown command.
Unknown command.
You struggle against the net.
A giant cockroach comes into view.
You tear a large gash into the net.
The gnoll barely misses you.
You rip the net and break free!
Something hits you!
You die...

....#.......###
...............
#.###.......##
..........### ..#####...#
..######..#
........).########
..###............#
..###.###.######h#########@
......# #.# #)g.g.gB...g
...#### #.# ############
...######.# .....)..#.#
.......)..# #######.###
#......... ##.#######


You could see 3 gnolls and a giant cockroach.

Vanquished Creatures
  A howler monkey (D:3)
  A gnoll (D:3)
  An adder (D:2)
  A worm (D:3)
  An orc (D:3)
  5 endoplasms
  2 giant cockroaches
  4 goblins
  5 hobgoblins
  8 jackals (D:2)
  2 quokkas
  6 ball pythons
  5 bats
  4 frilled lizards
  4 kobolds
  8 rats
58 creatures vanquished.

Notes
Turn   | Place    | Note
-------+----------+-------------------------------------------
     0 | D:1      | LeprechaunX the Octopode Shapeshifter began the quest for
                  | the Orb.
     0 | D:1      | Reached XP level 1. HP: 13/13 MP: 1/1
   308 | D:1      | Reached XP level 2. HP: 18/18 MP: 2/2
   860 | D:2      | Reached XP level 3. HP: 23/23 MP: 3/3
  1210 | D:2      | Found a hide-covered altar of Uskayaw.
  1427 | D:2      | Reached XP level 4. HP: 20/29 MP: 4/4
  1946 | D:3      | Reached skill level 4 in Shapeshifting
  2135 | D:3      | Noticed Sigmund
  2200 | D:3      | Reached XP level 5. HP: 8/34 MP: 5/5
  2203 | D:3      | Slain by Sigmund

Illustrated notes

Levels and vault maps discovered:
D:1:      matt_arrival_grand_opening, layout_basic
D:2:      layout_basic, basic_altar, kennysheep_generic_room_4
D:3:      layout_loops_ring, gammafunk_ghost_cemetery, uniq_sigmund

Skill      XL: |  1  2  3  4 |
---------------+-------------+-----
Fighting       | 2 |  2.1
Shapeshifting  | 4 |  4.0
Dodging        | |  2.8
Unarmed Combat | |  3.6

Action                     |  1- 3 |  4- 6 || total
---------------------------+-------+-------++-------
  Melee: Unarmed           |    71 |    26 ||    97
         Constrict         |    18 |     7 ||    25
         Tentacles         |    12 |     7 ||    19
  Throw: Dart              |       |     1 ||     1
   Stab: Sleeping          |     8 |     7 ||    15
 Armour: Skin              |    33 |     8 ||    41
  Dodge: Dodged            |    36 |    12 ||    48

Table legend: (Time is in decaauts)
 A = Elapsed time spent in this place.
 B = Non-inter-level travel time spent in this place.
 C = Inter-level travel time spent in this place.
 D = Time resting spent in this place.
 E = Time spent auto-exploring this place.
 F = Levels seen in this place.
 G = Mean time per level.
                   A        B        C        D        E       F      G
               +--------+--------+--------+--------+--------+-----+--------+
         Total |   2194 |   2126 |     68 |     54 |   1718 |   3 |  731.3 |
       Dungeon |   2194 |   2126 |     68 |     54 |   1718 |   3 |  731.3 |
               +--------+--------+--------+--------+--------+-----+--------+

Top non-repeatable levels by time:
     D:1: 850 daAuts
     D:2: 785 daAuts
     D:3: 559 daAuts
